 Dungeon Crawl Stone Soup version 0.30.0-5-g1a98f26d00 (webtiles) character file.

Game seed: 690471512181869464

10695 greasedhog the Geomancer (level 11, 0/63 HPs)
             Began as a Gargoyle Earth Elementalist on May 11, 2023.
             Was a Believer of Vehumet.
             Killed from afar by a deep elf pyromancer (12 damage)
             ... with a bolt of fire
             ... on level 9 of the Dungeon.
             The game lasted 00:20:09 (7964 turns).

greasedhog the Geomancer (GrEE)                     Turns: 7964, Time: 00:20:09

Health: 0/63       AC: 16    Str: 12    XL:     11   Next: 66%
Magic:  24/34      EV: 12    Int: 20    God:    Vehumet [**....]
Gold:   582        SH:  0    Dex: 10    Spells: 20/30 levels left

rFire   + + .        u - +4 scythe (venom)
rCold   + . .        (shield currently unavailable)
rNeg    + . .        m - +0 acid dragon scales
rPois   ∞            j - +2 hat
rElec   +            B - scarf {rC+ rF+}
rCorr   +            (no gloves)
SInv    .            (no boots)
Will    .....        s - amulet of magic regeneration
Stlth   +            e - ring of protection from fire
HPRegen 0.30/turn    E - ring of magical power
MPRegen 0.64/turn

%: no passive effects
@: no status effects
A: sickness immunity, AC +8, negative energy resistance 1, electricity
resistance, torment resistance 1, petrification resistance
a: Renounce Religion


You were on level 9 of the Dungeon.
You worshipped Vehumet.
Vehumet was pleased with you.
You visited 2 branches of the dungeon, and saw 10 of its levels.
You also visited: Sewer.

You collected 582 gold pieces.

Inventory:

Hand Weapons
 u - a +4 scythe of venom (weapon)
Missiles
 A - 3 curare-tipped darts
 H - a throwing net
Armour
 j - a +2 hat (worn)
 m - +0 acid dragon scales (worn)
 B - a scarf of resistance (worn)
Jewellery
 e - a ring of protection from fire (left hand)
 s - an amulet of magic regeneration (around neck)
 E - a ring of magical power (right hand)
 G - a ring of see invisible
Wands
 c - a wand of polymorph (15)
 k - a wand of digging (9)
 y - a wand of iceblast (10)
 z - a wand of acid (8)
 D - a wand of charming (10)
Scrolls
 a - 2 scrolls of blinking {unknown}
 b - 2 scrolls of enchant weapon
 g - 2 scrolls of fog
 n - 2 scrolls of acquirement {unknown}
 o - 2 scrolls of poison {unknown}
 r - 4 scrolls of teleportation
 x - a scroll of magic mapping
 F - a scroll of fear
Potions
 d - 2 potions of lignification
 f - 5 potions of might
 h - a potion of curing
 i - 2 potions of attraction {unknown}
 l - 3 potions of brilliance {unknown}
 p - a potion of magic
 q - 2 potions of resistance {unknown}
 t - 2 potions of haste {unknown}
 v - a potion of mutation {unknown}
 w - a potion of ambrosia {unknown}
 C - a potion of cancellation {unknown}


   Skills:
 - Level 5.0 Fighting
 + Level 5.4 Dodging
 - Level 2.1 Stealth
 - Level 10.0 Spellcasting
 + Level 5.3 Conjurations
 - Level 1.0 Transmutations
 * Level 13.9 Earth Magic


You had 20 spell levels left.
You knew the following spells:

 Your Spells              Type           Power      Damage    Failure   Level
a - Sandblast             Erth           100%       2d20      1%          1
b - Passwall              Tmut/Erth      32%        N/A       1%          2
c - Stone Arrow           Conj/Erth      96%        3d13      1%          3
d - Petrify               Tmut/Erth      39%        N/A       4%          4

Your spell library contained the following spells:

 Spells                   Type           Power      Damage    Failure   Level
 Hailstorm                Conj/Ice       20%        3d6       11%         3
 Apportation              Tloc           20%        N/A       11%         1
 Necrotise                Necr           40%        1d6       11%         1
 Summon Small Mammal      Summ           40%        N/A       11%         1
 Scorch                   Fire           20%        2d5       16%         2
 Flame Wave               Conj/Fire      20%        2d7       34%         4
 Summon Cactus Giant      Summ           5%         N/A       100%        6


Dungeon Overview and Level Annotations

Branches:
Dungeon (9/15)             Temple (1/1) D:6            Lair (0/5) D:8
  Sewer (visited)
    Orc: D:9-12

Altars:
Ashenzari
Dithmenos
Elyvilon
Fedhas
Gozag
Hepliaklqana
Kikubaaqudgha
Makhleb
Okawaru
Qazlal
Ru
Sif Muna
Uskayaw
Vehumet
Wu Jian
Xom
Yredelemnul
Zin
The Shining One


Innate Abilities, Weirdness & Mutations

You are immune to sickness and miasma.
Your stone body is resilient. (AC +8)
You are immune to poison.
You resist negative energy. (rN+)
You are resistant to electric shocks. (rElec)
You are resistant to unholy torment.
You are immune to petrification.


Message History

Aim: a manticore (severely wounded, 85% to hit)
The stone arrow hits the manticore!
The manticore is almost dead.
The manticore flicks its tail.
The volley of spikes hits you!
The barbed spikes become lodged in your body.
* * * LOW HITPOINT WARNING * * *
Casting: Stone Arrow (safe; 1% risk of failure)
Confirm with . or Enter, or press ? or * to list all spells.
Aiming: Stone Arrow (safe; 1% risk of failure)
Press: ? - help, Shift-Dir - straight line, f/p - manticore
Aim: a manticore (almost dead, 85% to hit)
The stone arrow hits the manticore!
You kill the manticore!
Vehumet accepts your kill.
You feel your power returning.
You start resting.
You carefully extract the barbed spikes from your body.
You start resting.
A deep elf pyromancer is nearby!
You are too injured to fight recklessly!
Casting: Stone Arrow (safe; 1% risk of failure)
Confirm with . or Enter, or press ? or * to list all spells.
Aiming: Stone Arrow (safe; 1% risk of failure)
Press: ? - help, Shift-Dir - straight line, f - deep elf pyromancer
Aim: a deep elf pyromancer, wielding a +0 dire flail and carrying a wand of acid (6) (wandering, hasn't noticed you, 67% to hit)
The stone arrow hits the deep elf pyromancer!
The deep elf pyromancer is moderately wounded.
The deep elf pyromancer shouts!
Unknown command.
Casting: Stone Arrow (safe; 1% risk of failure)
Confirm with . or Enter, or press ? or * to list all spells.
Aiming: Stone Arrow (safe; 1% risk of failure)
Press: ? - help, Shift-Dir - straight line, f/p - deep elf pyromancer
Aim: a deep elf pyromancer, wielding a +0 dire flail and carrying a wand of acid (6) (moderately wounded, 67% to hit)
The stone arrow hits the deep elf pyromancer!!
The deep elf pyromancer is almost dead.
The deep elf pyromancer gestures at you while chanting.
The bolt of fire hits you! You resist.
You die...

...))...# ... ###)#####
###.### ##.
..#.#...###.H...## ...
#.#.#.#.##.o.....## ...
..#...#.#...###†..#..##
..#...#.#..## #e.#...
#.#.#.#....# #...?
#..)#...#..# ##.(#
#..(#...#...###.@[#
#.#.#.#.##.......##
..#.#...###.....##
###.#########.#####.
..†..................
..###..#..##.##....#.
.....................
)......#...#.#.##....
.............#.......


You could see a deep elf pyromancer.

Vanquished Creatures
  A two-headed ogre (D:7)
  A manticore (D:9)
  2 cyclopes (D:9)
  A troll (D:9)
  A hornet (D:9)
  Sigmund (D:5)
  15 yaks
  3 wyverns
  Eustachio (D:5)
  A vampire mosquito (D:9)
  2 steam dragons
  Menkaure (D:5)
  An acid dragon (D:9)
  5 water moccasins
  3 orc warriors
  3 ice beasts
  A sky beast (D:6)
  Pargi (Sewer)
  4 black bears
  3 ogres
  2 centaurs
  7 kobold brigands
  A phantom (D:8)
  Blork the orc (D:5)
  A gnoll sergeant (D:9)
  2 scorpions
  7 bullfrogs
  5 wights
  A vampire bat (D:3)
  5 howler monkeys
  2 electric eels (D:9)
  9 orc priests
  3 hounds
  2 jellies
  A gnoll bouda (D:7)
  2 sleepcaps
  An iguana (D:6)
  Ijyb (D:3)
  9 orc wizards
  11 gnolls
  11 adders
  A shadow imp (D:7)
  3 white imps
  3 ufetubi
  2 worms
  A dart slug (D:5)
  39 orcs
  6 bats
  2 bat skeletons (D:3)
  3 bat zombies (D:3)
  11 endoplasms
  4 giant cockroaches
  5 goblins
  4 hobgoblins
  4 jackals
  3 quokkas
  8 ball pythons
  4 frilled lizards
  33 kobolds
  4 rats
275 creatures vanquished.

Vanquished Creatures (others)
  5 dream sheep (D:8)
  A kobold (D:9)
6 creatures vanquished.

Grand Total: 281 creatures vanquished

Notes
Turn   | Place    | Note
-------+----------+-------------------------------------------
     0 | D:1      | greasedhog the Gargoyle Earth Elementalist began the quest
                  | for the Orb.
     0 | D:1      | Reached XP level 1. HP: 10/10 MP: 3/3
    77 | D:1      | Reached skill level 1 in Transmutations
   157 | D:1      | Reached skill level 4 in Earth Magic
   157 | D:1      | Reached XP level 2. HP: 15/15 MP: 1/5
   546 | D:1      | Reached XP level 3. HP: 19/19 MP: 2/6
   872 | D:2      | Learned a level 2 spell: Passwall
   876 | D:2      | Learned a level 3 spell: Stone Arrow
   963 | D:2      | Reached skill level 5 in Earth Magic
   963 | D:2      | Reached XP level 4. HP: 24/24 MP: 5/8
  1445 | D:3      | Found a blossoming altar of Fedhas.
  1447 | D:3      | Noticed Ijyb
  1461 | D:3      | Killed Ijyb
  1462 | D:3      | Reached XP level 5. HP: 17/28 MP: 1/9
  1587 | D:3      | Reached skill level 6 in Earth Magic
  1619 | D:3      | Found a glowing drain.
  1632 | D:3      | Learned a level 4 spell: Petrify
  1633 | Sewer    | Entered a sewer
  1707 | Sewer    | Noticed Pargi
  1718 | Sewer    | Killed Pargi
  1719 | Sewer    | Reached XP level 6. HP: 22/32 MP: 8/11
  2042 | D:3      | Reached skill level 7 in Earth Magic
  2206 | D:3      | Found an ancient bone altar of Kikubaaqudgha.
  2865 | D:4      | Reached XP level 7. HP: 36/36 MP: 11/13
  3046 | D:4      | Reached skill level 8 in Earth Magic
  3407 | D:5      | Entered Level 5 of the Dungeon
  3492 | D:5      | Reached skill level 9 in Earth Magic
  3520 | D:5      | Reached XP level 8. HP: 41/41 MP: 11/15
  3535 | D:5      | Reached skill level 5 in Spellcasting
  3638 | D:5      | Noticed Eustachio
  3660 | D:5      | Noticed Sigmund
  3662 | D:5      | Killed Eustachio
  3663 | D:5      | Reached skill level 10 in Earth Magic
  3669 | D:5      | Killed Sigmund
  3822 | D:5      | Noticed Blork the orc
  3827 | D:5      | Killed Blork the orc
  3837 | D:5      | Identified the +2 chain mail of Focus {rPois}
  3852 | D:5      | Reached skill level 11 in Earth Magic
  3899 | D:5      | Noticed Menkaure
  3905 | D:5      | Killed Menkaure
  4086 | D:5      | Reached XP level 9. HP: 46/46 MP: 16/18
  4090 | D:5      | Reached skill level 1 in Fighting
  4092 | D:5      | Found a glowing silver altar of Zin.
  4434 | D:6      | HP: 1/51 [orc warrior/+2 dire flail of holy wrath (13)]
  4653 | D:6      | Found a staircase to the Ecumenical Temple.
  4662 | Temple   | Entered the Ecumenical Temple
  4706 | Temple   | Became a worshipper of Vehumet
  5356 | D:7      | Reached * piety under Vehumet
  5356 | D:7      | Offered knowledge of Shock by Vehumet.
  5381 | D:7      | Reached skill level 5 in Fighting
  5381 | D:7      | Reached XP level 10. HP: 55/59 MP: 12/22
  5505 | D:7      | Noticed a two-headed ogre
  5512 | D:7      | Killed a two-headed ogre
  6027 | D:8      | Found a staircase to the Lair.
  6049 | D:8      | Reached skill level 10 in Spellcasting
  6195 | D:8      | Reached skill level 1 in Conjurations
  6286 | D:8      | Found a shadowy altar of Dithmenos.
  6366 | D:8      | Reached skill level 12 in Earth Magic
  6567 | D:8      | Offered knowledge of Momentum Strike by Vehumet.
  6754 | D:8      | Found a shimmering altar of Xom.
  6931 | D:9      | Reached XP level 11. HP: 63/63 MP: 25/25
  6933 | D:9      | Reached ** piety under Vehumet
  7259 | D:9      | Found a hide-covered altar of Uskayaw.
  7344 | D:9      | Reached skill level 13 in Earth Magic
  7451 | D:9      | Offered knowledge of Hailstorm by Vehumet.
  7594 | D:9      | Reached skill level 5 in Dodging
  7841 | D:9      | Noticed a cyclops
  7842 | D:9      | Noticed a manticore
  7845 | D:9      | Noticed a deep elf pyromancer
  7865 | D:9      | Killed a cyclops
  7873 | D:9      | Reached skill level 5 in Conjurations
  7935 | D:9      | Noticed a cyclops
  7941 | D:9      | Killed a cyclops
  7946 | D:9      | Killed a manticore
  7964 | D:9      | Killed from afar by a deep elf pyromancer

Illustrated notes

Levels and vault maps discovered:
D:1:      giann_horns, layout_rooms, chequers_serial_rivers_small_a
D:2:      layout_rooms, minmay_distorted
D:3:      layout_basic, mainiacjoe_overflow_concentric_impassable,
          kennysheep_vampire_church, portal_sewer_entry_d, uniq_ijyb
D:4:      layout_loops_cross, minmay_fountain_box
D:5:      layout_basic, zin_scriptorium, uniq_sigmund, uniq_blork_the_orc,
          uniq_menkaure, uniq_eustachio
D:6:      layout_cave_pools, minmay_temple_entry_nine_rooms
D:7:      layout_loops_ring
D:8:      layout_loops_ring, grunt_dithmenos_shadows, kb_xom_exploding_sheep,
          due_lair_maze_entry_diamond
D:9:      layout_basic, nicolae_uskayaw_dance_studio, minmay_the_grid_2x2
          [minmay_the_grid_outer_circle, minmay_the_grid_broken_lines,
          minmay_the_grid_pillar_ring, minmay_the_grid_prize_inner_circle]
Temple:   nicolae_temple_ecumenical_triangle

Skill      XL: |  1  2  3  4  5  6  7  8  9 10 11 |
---------------+----------------------------------+-----
Transmutations | 1 |  1.0
Earth Magic    | 4 5 6 7 9 11 12 13 | 13.9
Spellcasting   | 3 4 6 8 10 | 10.0
Fighting       | 5 |  5.0
Dodging        | 4 5 |  5.4
Conjurations   | 3 5 |  5.3
Stealth        | |  2.1

Action                     |  1- 3 |  4- 6 |  7- 9 | 10-12 || total
---------------------------+-------+-------+-------+-------++-------
  Melee: Unarmed           |    18 |       |       |       ||    18
         Punch             |     1 |       |       |       ||     1
         Whip              |     7 |     5 |       |       ||    12
         Short sword       |       |     6 |       |       ||     6
         Staff             |       |       |     8 |       ||     8
         Halberd           |       |       |    24 |    35 ||    59
   Cast: Sandblast         |    44 |    75 |   115 |       ||   234
         Stone Arrow       |       |     3 |    53 |   174 ||   230
    Use: Potion            |       |     1 |     3 |       ||     4
         Scroll            |       |     5 |     4 |     2 ||    11
 Armour: Robe              |    11 |     7 |       |       ||    18
         Leather armour    |       |    22 |    64 |    32 ||   118
         Skin              |       |     1 |       |       ||     1
         Acid dragon scale |       |       |       |     8 ||     8
         Troll leather arm |       |       |       |     7 ||     7
  Dodge: Dodged            |    22 |    53 |    55 |    72 ||   202
